cohdb
Replays
Latest Replays
All Replays
Popular Replays
Top Player Replays
Match Explorer
How It Works
Community
CoH3 Stats
Reddit
Sign in to upload your games and track your stats! →
Sign in with Steam
Match 46584994
Unlisted
Match 46584994
Overview
Messages
Build Orders
End
Scout Squad
Selects Special Operations Battlegroup
Selects M29 Weasel Recon Vehicle
M29 Weasel Recon Vehicle
Construct Weapon Support Center
M1919 Machine Gun Team
M1919 Machine Gun Team
Infantry Support Center
Selects Raiding Flares
Engineer Squad
Construct Medical Station
M3 Armored Personnel Carrier
M3 Armored Personnel Carrier
Selects SSF Commando Squad
SSF Commando Squad
Advanced Logistics
SSF Commando Squad
Survival Training
Improved M9 Bazooka Rockets
SSF Commando Squad
Selects P-47 Anti-Infantry Loiter
P-47 Anti-Infantry Loiter
SSF Commando Squad
Construct Tank Depot
M18 Hellcat Tank Destroyer
Selects M4A1 Sherman Whizbang
Bego
aSIIDemolitionHammer
Deliri0us
Itaperuna
0
0
Comments
sign in to comment!
No comments posted yet!